 Dungeon Crawl Stone Soup version 0.24-a0-441-g27f0392e16 (webtiles) character file.

Game seed: 15948842845097330720

51 forest the Sneak (level 3, 0/18 HPs)
             Began as a Spriggan Assassin on June 19, 2019.
             Was a Follower of Vehumet.
             Slain by a worker ant (1 damage)
             ... on level 3 of the Dungeon.
             The game lasted 00:05:03 (2089 turns).

forest the Sneak (Spriggan Assassin)                Turns: 2089, Time: 00:05:03

Health: 0/18       AC:  3    Str:  8    XL:     3   Next: 57%
Magic:  5/5        EV: 23    Int: 12    God:    Vehumet [*.....]
Gold:   57         SH:  0    Dex: 17    Spells: 2/3 levels left

rFire    . . .     SeeInvis +   a - +2 dagger
rCold    + . .     Gourm    .   (shield restricted)
rNeg     . . .     Faith    .   b - +0 robe
rPois    .         Spirit   .   (helmet restricted)
rElec    .         Reflect  .   c - +0 cloak
rCorr    .         Harm     .   (gloves unavailable)
MR       .....                  (boots unavailable)
Stlth    ++++......             (no amulet)
HPRegen  0.06/turn              g - +6 ring of evasion
MPRegen  0.09/turn              o - ring of protection from cold

@: very quick
A: very small, unfitting armour, see invisible, herbivore, speed 3, slow
metabolism 2
a: Renounce Religion


You were on level 3 of the Dungeon.
You worshipped Vehumet.
Vehumet was aware of your devotion.
You were not hungry.

You visited 1 branch of the dungeon, and saw 3 of its levels.

You collected 57 gold pieces.

Inventory:

Hand Weapons
 a - a +2 dagger (weapon)
 n - a +0 hunting sling
Missiles
 d - 7 poisoned darts (quivered)
 e - 2 curare-tipped darts
 h - 20 sling bullets
 k - 143 stones
Armour
 b - a +0 robe (worn)
 c - a +0 cloak (worn)
Jewellery
 g - a +6 ring of evasion (left hand)
 o - a ring of protection from cold (right hand)
Potions
 i - a potion of magic
 j - a potion of flight
 l - 2 potions of heal wounds
 m - a potion of lignification {unknown}
 p - a potion of agility {unknown}
Comestibles
 f - 2 rations


   Skills:
 + Level 1.9 Fighting
 + Level 2.5 Short Blades
 + Level 2.1 Throwing
 + Level 1.9 Dodging
 + Level 7.2 Stealth
 + Level 0.7 Spellcasting


You had 2 spell levels left.
You knew the following spells:

 Your Spells              Type           Power        Failure   Level  Hunger
a - Freeze                Ice            #...         30%         1    ##.....
Your spell library was empty.

Dungeon Overview and Level Annotations

Branches:
Dungeon (3/15)

Altars:
Vehumet


Innate Abilities, Weirdness & Mutations

You are very small and have problems with some larger weapons.
You are too small for most types of armour.
You have supernaturally acute eyesight. (SInv)
You are a herbivore.
You cover ground extremely quickly.
You need to consume almost no food.


Message History

You barely miss the worker ant.
The worker ant is heavily wounded.
The worker ant misses you.
You hit the worker ant.
The worker ant is severely wounded.
The worker ant bites you.
* * * LOW HITPOINT WARNING * * *
You hit the worker ant but do no damage.
The worker ant is severely wounded.
The worker ant barely misses you.
You hit the worker ant but do no damage.
The worker ant is severely wounded.
The worker ant completely misses you.
You hit the worker ant but do no damage.
The worker ant is severely wounded.
The worker ant closely misses you.
You barely miss the worker ant.
The worker ant is severely wounded.
The worker ant bites you.
You die...

#.# .# ####...... #.# #.#
####.#. #.# #.## #.#. ##.#####
#..## #.#' ##.#....# ##...##
#... ##.###.#.###.....## ##...
##.## ##..##.......####....
####.## ##.#................
+.....## ##<.@a......)........
####...###.#.###......###.....
##.#.#.##.# ##...#.# #.....
###......# #..##.# #.#...
##.##### #...... ..##.. #.#
#####.#######+ #.# #.# #.# #.#
#.#


You could see a worker ant.

Vanquished Creatures
  A gnoll (D:1)
  A worm (D:2)
  An orc (D:3)
  3 giant cockroaches
  10 goblins
  2 hobgoblins
  3 jackals (D:2)
  5 bats
  2 frilled lizards
  2 kobolds (D:2)
  4 rats
34 creatures vanquished.

Notes
Turn   | Place    | Note
-------+----------+-------------------------------------------
     0 | D:1      | forest the Spriggan Assassin began the quest for the Orb.
     0 | D:1      | Reached XP level 1. HP: 10/10 MP: 2/2
   106 | D:1      | Reached skill level 6 in Stealth
   177 | D:1      | Reached XP level 2. HP: 15/15 MP: 3/3
   940 | D:2      | Reached XP level 3. HP: 18/18 MP: 4/4
  1161 | D:2      | Reached skill level 7 in Stealth
  1170 | D:2      | Found a faded altar of an unknown god.
  1185 | D:2      | Became a worshipper of Vehumet
  1185 | D:2      | Reached * piety under Vehumet
  1185 | D:2      | Offered knowledge of Freeze by Vehumet.
  1212 | D:2      | Learned a level 1 spell: Freeze
  2089 | D:3      | Slain by a worker ant

Levels and vault maps discovered:
D:1:      nagdon_arrival_zigzag_paths, layout_basic, minmay_misc_feat_tower
D:2:      layout_loops_ring, chequers_ecumenical_altar_island,
          grunt_ministairs_8
D:3:      layout_loops_corners

Skill      XL: |  1  2  3 |
---------------+----------+-----
Stealth        | 6 7 |  7.2
Fighting       | |  1.9
Short Blades   | |  2.5
Throwing       | |  2.1
Dodging        | |  1.9
Spellcasting   | |  0.7

Action                   || total
-------------------------++-------
Melee: Dagger            ||   133
Throw: Dart              ||     2
 Cast: Freeze            ||    10
  Use: Scroll            ||     4
 Stab: Sleeping          ||    18
Armor: Robe              ||    10
Dodge: Dodged            ||   116

Table legend:
 A = Non-vault XP
 B = Vault XP
 C = Vault XP percentage of total XP
 D = Non-vault monster count
 E = Vault monster count
 F = Vault count percentage of total count
                 A         B        C        D         E       F
            +---------+---------+-------+---------+---------+-------
      Total |      66 |       7 |   9.6 |      30 |       4 |  11.8
            +---------+---------+-------+---------+---------+-------
        D:1 |      39 |       0 |   0.0 |      16 |       0 |   0.0
        D:2 |      24 |       7 |  22.6 |      13 |       4 |  23.5
        D:3 |       3 |       0 |   0.0 |       1 |       0 |   0.0
            +---------+---------+-------+---------+---------+-------
